 Dungeon Crawl Stone Soup version 0.30-b1-2-g02819fbbbe (webtiles) character file.

Game seed: 9757509266293897908

551 snakesoul the Shooter (level 7, 0/55 HPs)
             Began as a Barachi Hunter on May 30, 2023.
             Slain by a gnoll
             ... wielding a +0 spear
              (4 damage)
             ... on level 3 of the Dungeon.
             The game lasted 00:04:19 (2508 turns).

snakesoul the Shooter (Barachi Hunter)              Turns: 2508, Time: 00:04:19

Health: 0/55       AC:  4    Str: 13    XL:     7   Next: 29%
Magic:  7/7        EV: 13    Int:  9    God:
Gold:   169        SH:  0    Dex: 15    Spells: 6/6 levels left

rFire   . . .        a - +0 shortbow
rCold   . . .        (shield currently unavailable)
rNeg    . . .        c - +0 leather armour
rPois   .            (no helmet)
rElec   .            (no cloak)
rCorr   .            p - +0 pair of gloves
SInv    .            (no boots)
Will    .....        (no amulet)
Stlth   +            (no ring)
HPRegen 0.29/turn    (no ring)
MPRegen 0.10/turn

%: no passive effects
@: unable to hop, slow
A: amphibious, slowness 1, strong legs 1, +LOS, clumsy 1, devolution 1
a: Hop


You were on level 3 of the Dungeon.
You visited 1 branch of the dungeon, and saw 3 of its levels.

You collected 169 gold pieces.

Inventory:

Hand Weapons
 a - a +0 shortbow (weapon)
Armour
 c - a +0 leather armour (worn)
 j - a +0 chain mail
 p - a +0 pair of gloves (worn)
Jewellery
 n - the ring of Irhiulie {AC+4 Int+5}
   (You found it on level 2 of the Dungeon)

   [ring of protection]

   AC:        It affects your AC (+4).
   Int:       It affects your intelligence (+5).
 o - a ring of fire
Scrolls
 b - a scroll of immolation
 d - a scroll of blinking {unknown}
 e - a scroll of amnesia {unknown}
 f - 2 scrolls of teleportation {unknown}
 h - 5 scrolls of identify {unknown}
Potions
 i - a potion of berserk rage {unknown}
 k - a potion of brilliance {unknown}
 l - a potion of mutation
 m - a potion of attraction {unknown}


   Skills:
 + Level 4.6 Fighting
 * Level 6.2 Ranged Weapons
 + Level 3.7 Armour
 + Level 4.2 Dodging
 - Level 0.8 Stealth


You had 6 spell levels left.
You didn't know any spells.
Your spell library was empty.

Dungeon Overview and Level Annotations

Branches:
Dungeon (3/15)

Altars:
Cheibriados

Annotations:
D:3 Robin


Innate Abilities, Weirdness & Mutations

You are amphibious.
You cover ground slowly.
You can hop short distances.
You have an extended range of vision and can be seen from far away.
You are clumsy. (Dex -2)
You have hidden genetic defects.


Message History

Unknown command.
Unknown command.
Fire: a) +0 shortbow
Press: ? - help, Q - select action, (/) - cycle Shift-Dir - straight line, f - you, p - goblin
Okay, then.
Unknown command.
Okay, then.
Unknown command.
Hop to where?
Press: ? - help, Dir - move target, p - goblin Boing!
The goblin no longer looks unusually strong.
Fire: a) +0 shortbow
Press: ? - help, Q - select action, (/) - cycle Shift-Dir - straight line, f - goblin
Aim: a goblin, wielding a +0 club (58% to hit)
You shoot an arrow. The arrow hits the goblin!
You kill the goblin!
The goblin no longer looks unusually strong. x2
Fire: a) +0 shortbow
Press: ? - help, Q - select action, (/) - cycle Shift-Dir - straight line, f - goblin
Aim: a goblin, wielding a +0 club (58% to hit)
You shoot an arrow. The arrow closely misses the goblin.
The arrow hits the goblin.
The goblin is moderately wounded.
Fire: a) +0 shortbow
Press: ? - help, Q - select action, (/) - cycle Shift-Dir - straight line, f/p - goblin
Aim: a goblin, wielding a +0 club (58% to hit)
You shoot an arrow. The arrow barely misses the goblin.
The arrow hits the goblin!
You kill the goblin!
The goblin hits you with a +0 club.
* * * LOW HITPOINT WARNING * * *
Fire: a) +0 shortbow
Press: ? - help, Q - select action, (/) - cycle Shift-Dir - straight line, f/p - goblin
Aim: a goblin, wielding a +0 club (58% to hit)
You shoot an arrow. The arrow barely misses the goblin.
The arrow hits the gnoll!
The gnoll is severely wounded.
The gnoll hits you from afar with a +0 spear.
You die...

#.# #.# #.#
#.#####.#####.#
#.............#
#######.#######
#.# #.# #.#
#####.#####
#.....@gg.#
#.###.###l# #g#
#)# ... #g#
##..


gSl ##.##g# ....g ###.# ..w You could see a gnoll, 2 goblins and a frilled
lizard.

Vanquished Creatures
  Grinder (D:3)
  Sigmund (D:2)
  An orc priest (D:3)
  Jessica (D:3)
  2 gnolls (D:3)
  An adder (D:3)
  2 dart slugs
  6 orcs (D:3)
  10 bats
  4 endoplasms
  2 giant cockroaches (D:1)
  27 goblins
  12 hobgoblins
  A jackal (D:3)
  5 kobolds
  4 quokkas
  5 ball pythons
  3 frilled lizards
  6 rats
94 creatures vanquished.

Notes
Turn   | Place    | Note
-------+----------+-------------------------------------------
     0 | D:1      | snakesoul the Barachi Hunter began the quest for the Orb.
     0 | D:1      | Reached XP level 1. HP: 17/17 MP: 1/1
   134 | D:1      | Reached XP level 2. HP: 23/23 MP: 2/2
   208 | D:1      | Reached skill level 1 in Armour
   379 | D:1      | Reached XP level 3. HP: 28/28 MP: 3/3
   895 | D:2      | Noticed Sigmund
   904 | D:2      | Killed Sigmund
   905 | D:2      | Reached skill level 5 in Ranged Weapons
   905 | D:2      | Reached XP level 4. HP: 32/37 MP: 4/4
   905 | D:2      | Reached XP level 5. HP: 37/42 MP: 5/5
  1270 | D:2      | Reached XP level 6. HP: 48/48 MP: 6/6
  1368 | D:2      | Identified the ring of Irhiulie {AC+4 Int+5}
  1876 | D:3      | Noticed Grinder
  1888 | D:3      | Paralysed by Grinder for 2 turns
  1900 | D:3      | Killed Grinder
  2017 | D:3      | Reached XP level 7. HP: 55/55 MP: 7/7
  2058 | D:3      | Reached skill level 6 in Ranged Weapons
  2208 | D:3      | Found a snail-covered altar of Cheibriados.
  2388 | D:3      | Noticed Jessica
  2391 | D:3      | Killed Jessica
  2487 | D:3      | Noticed Robin
  2502 | D:3      | Gained mutation: You have hidden genetic defects. [potion
                  | of mutation]
  2502 | D:3      | Gained mutation: You are clumsy. (Dex -2) [potion of
                  | mutation]
  2508 | D:3      | Slain by a gnoll

Illustrated notes

Levels and vault maps discovered:
D:1:      dpeg_arrival_three_smaller_balls, layout_basic
D:2:      cheibrodos_greedy_goblins, layout_basic, minmay_split_cup_large,
          uniq_sigmund
D:3:      kennysheep_goblin_castle, layout_loops_ring, lemuel_tele_altar,
          kennysheep_pointless_box, serial_park_tiny_pond, st_stairs_4,
          uniq_jessica, uniq_robin, uniq_grinder, uniq_ijyb

Skill      XL: |  1  2  3  4  5  6  7 |
---------------+----------------------+-----
Armour         | 1 2 3 |  3.7
Fighting       | 3 4 |  4.6
Ranged Weapons | 5 6 |  6.2
Dodging        | 3 4 |  4.2
Stealth        | |  0.8

Action                     |  1- 3 |  4- 6 |  7- 9 || total
---------------------------+-------+-------+-------++-------
   Fire: Shortbow          |    73 |   107 |    71 ||   251
Ability: Hop               |       |     1 |     1 ||     2
    Use: Potion            |       |       |     2 ||     2
 Armour: Leather armour    |    14 |    13 |     8 ||    35
  Dodge: Dodged            |    13 |    48 |    42 ||   103
